 Dungeon Crawl Stone Soup version 0.31-a0-675-g238779eb0a (webtiles) character file.

Game seed: 3208868373430435526

361 Xavori the Sneak (level 6, -4/42 HPs)
             Began as an Octopode Chaos Knight on Sept 5, 2023.
             Was a Plaything of Xom.
             Slain by Pikel
             ... wielding a +0 whip of freezing
              (20 damage)
             ... on level 4 of the Dungeon.
             The game lasted 00:02:58 (6734 turns).

Xavori the Sneak (Octopode Chaos Knight)            Turns: 6734, Time: 00:03:00

Health: -4/42      AC:  1    Str: 14    XL:     6   Next: 66%
Magic:  6/6        EV: 14    Int: 13    God:    Xom [.....*]
Gold:   1529       SH:  0    Dex: 16    Spells: 5/5 levels left

rFire   . . .        a - +0 short sword (chaos)
rCold   . . .        (no shield)
rNeg    . . .        (helmet restricted)
rPois   .            (no amulet)
rElec   .            g - ring of resist corrosion
rCorr   +            x - ring of see invisible
SInv    +            (no ring)
Will    +....        (no ring)
Stlth   ++++         (no ring)
HPRegen 0.27/turn    (no ring)
MPRegen 0.10/turn    (no ring)
                     (no ring)

%: no passive effects
@: cleaving
A: almost no armour, amphibious, 8 rings, camouflage 1, gelatinous body 1,
(nimble swimmer 1), tentacles, tentacle spike 1, agile 1, strong-willed 1,
strong 1, wild magic 1, noise suppression
a: Renounce Religion


You were on level 4 of the Dungeon.
You worshipped Xom.
You were Xom's teddy bear.
You visited 1 branch of the dungeon, and saw 4 of its levels.

You collected 1529 gold pieces.

Inventory:

Hand Weapons
 a - a +0 short sword of chaos (weapon)
Jewellery
 g - a ring of resist corrosion (left tentacle)
 x - a ring of see invisible (right tentacle)
Talismans
 c - a blade talisman
Wands
 u - a wand of roots (6)
Scrolls
 b - a scroll of butterflies
 d - 2 scrolls of fear {unknown}
 e - 2 scrolls of enchant armour {unknown}
 h - a scroll of teleportation {unknown}
 i - a scroll of revelation {unknown}
 n - 2 scrolls of identify {unknown}
 p - a scroll of vulnerability {unknown}
 t - 2 scrolls of poison {unknown}
 v - 3 scrolls of immolation {unknown}
Potions
 f - a potion of curing {unknown}
 j - a potion of might {unknown}
 m - a potion of enlightenment {unknown}
 o - a potion of lignification {unknown}
 q - 2 potions of heal wounds {unknown}
 r - 2 potions of magic {unknown}
 w - 3 potions of mutation {unknown}
Miscellaneous
 k - a condenser vane
 l - a lightning rod (4/4)


   Skills:
 + Level 3.6 Fighting
 + Level 3.9 Short Blades
 + Level 3.0 Dodging
 + Level 5.1 Stealth
 * Level 2.7 Evocations
 * Level 2.0 Shapeshifting


You had 5 spell levels left.
You didn't know any spells.
Your spell library contained the following spells:

 Spells                   Type           Power      Damage    Failure   Level
 Shock                    Conj/Air       0%         1d3       38%         1
 Lesser Beckoning         Tloc           0%         N/A       52%         2
 Gell's Gravitas          Tloc           0%         N/A       75%         3
 Swiftness                Air            0%         N/A       75%         3
 Teleport Other           Tloc           0%         N/A       75%         3
 Airstrike                Air            0%         2d(0-16)  98%         4
 Dispersal                Tloc           0%         N/A       100%        6


Dungeon Overview and Level Annotations

Branches:
Dungeon (4/15)
 Temple: D:4-7

Altars:
Ashenzari
Fedhas
Xom

Annotations:
D:4 Pikel


Innate Abilities, Weirdness & Mutations

You cannot wear most types of armour.
You are amphibious.
You can wear up to eight rings at the same time.
Your skin changes colour to match your surroundings (Stealth+).
Your rubbery body absorbs attacks. (AC +1, EV +1)
((You are camouflaged when in or above water. (Stealth+)))
You have tentacles for arms and can constrict up to eight enemies at once.
One of your tentacles bears a spike.
You are agile. (Dex +4, Str/Int -1)
You are strong-willed. (Will+)
Your muscles are strong. (Str +4, Int/Dex -1)
Your spells are a little harder to cast, but a little more powerful.
You passively dampen the noise of your surroundings.


Message History

The lemure is moderately wounded.
You constrict the lemure. The lemure misses you.
Pikel says, "Dispater doesn't talk much, but I know they dig me."
You hit the lemure but do no damage.
You pierce the lemure, but do no damage.
You squeeze the lemure.
The lemure is heavily wounded.
You constrict the lemure, but do no damage.
The lemure barely misses you.
You hit the lemure.
Space warps around the lemure.
You squeeze the lemure, but do no damage.
The lemure is severely wounded.
You constrict the lemure. The lemure barely misses you.
You hit the lemure. You freeze the lemure.
You kill the lemure!
That felt strangely unrewarding.
You hit Pikel. You burn Pikel. You grab Pikel.
You pierce Pikel, but do no damage.
Pikel is lightly wounded.
You constrict Pikel, but do no damage. You hit Pikel but do no damage.
You pierce Pikel, but do no damage.
Pikel is lightly wounded.
You constrict Pikel, but do no damage.
Pikel hits you with a +0 whip of freezing!
Pikel freezes you.
You completely miss Pikel.
You pierce Pikel.
Pikel is lightly wounded.
You constrict Pikel.
Pikel hits you with a +0 whip of freezing.
Pikel freezes you.
You hit Pikel but do no damage.
Pikel seems to grow stronger.
Your tentacle spike misses Pikel.
Pikel is lightly wounded.
You constrict Pikel, but do no damage. Xom smiles on you.
Your +0 short sword of chaos looks sharp.
Pikel hits you with a +0 whip of freezing!!
You die...
Pikel says, "See you in Hell!"
Xom guffaws!

##.....##.#############.#.#....#.
....#.....................#...#..
######..#################.#8...#.
....... #..###'##
########..###### #.....[..
#..K5...# #####.... ....5.###5#
##### ...5. # #K# .... #@# ...
#.###### ## #......# .# ######.#
#.#.. ########.####.#.##
......)........... .
###........#.#.###.
#......#.#.#.#.. #......#.#.#.#.#


You could see Pikel (strong) and a lemure.

Vanquished Creatures
  Sigmund (D:2)
  2 lemures (D:4)
  A phantom (D:4)
  An orc priest (D:3)
  An adder (D:3)
  An ufetubus (D:4)
  A worm (D:2)
  A dart slug (D:1)
  3 orcs (D:3)
  5 bats
  6 endoplasms
  A giant cockroach (D:1)
  8 goblins
  6 hobgoblins
  3 jackals (D:1)
  4 quokkas
  10 ball pythons
  4 kobolds
  8 rats
67 creatures vanquished.

Notes
Turn   | Place    | Note
-------+----------+-------------------------------------------
     0 | D:1      | Xavori the Octopode Chaos Knight began the quest for the
                  | Orb.
     0 | D:1      | Reached XP level 1. HP: 16/16 MP: 1/1
    51 | D:1      | XOM: butterfly on damage
   170 | D:1      | Reached XP level 2. HP: 21/21 MP: 2/2
   975 | D:1      | XOM: divination: detect items
   995 | D:1      | XOM: divination: magic mapping
  1231 | D:1      | XOM: silly message
  2612 | D:1      | XOM: god gift: condenser vane
  2863 | D:1      | XOM: scenery: summon butterflies
  3026 | D:1      | XOM: god gift: lightning rod (4/4)
  3198 | D:1      | XOM: scenery: summon butterflies
  3639 | D:1      | XOM: god gift: 1336 gold pieces
  3964 | D:1      | XOM: scenery: create altars
  4421 | D:1      | XOM: give mutations
  4421 | D:1      | Gained mutation: Your muscles are strong. (Str +4, Int/Dex
                  | -1) [Xom's grace]
  4421 | D:1      | Gained mutation: Your spells are a little harder to cast,
                  | but a little more powerful. [Xom's grace]
  4421 | D:1      | Gained mutation: You passively dampen the noise of your
                  | surroundings. [Xom's grace]
  4421 | D:1      | Gained mutation: You are agile. (Dex +4, Str/Int -1) [Xom's
                  | grace]
  4564 | D:1      | XOM is BORED!
  4564 | D:1      | XOM: summons 1 hostile demon
  4656 | D:2      | XOM: divination: magic mapping
  4925 | D:2      | Noticed Sigmund
  4944 | D:2      | Reached XP level 3. HP: 19/26 MP: 3/3
  4946 | D:2      | Killed Sigmund
  4947 | D:2      | Reached skill level 3 in Stealth
  4947 | D:2      | Reached skill level 1 in Evocations
  4947 | D:2      | Reached skill level 1 in Shapeshifting
  4947 | D:2      | Reached XP level 4. HP: 24/32 MP: 4/4
  4947 | D:2      | Reached XP level 5. HP: 27/36 MP: 5/5
  5278 | D:2      | XOM: god gift: 2 silver javelins
  5594 | D:3      | Reached skill level 4 in Stealth
  5626 | D:3      | Found a blossoming altar of Fedhas.
  5713 | D:3      | Reached XP level 6. HP: 29/42 MP: 6/6
  5862 | D:3      | Found a faded altar of an unknown god.
  5925 | D:3      | Found a broken altar of Ashenzari.
  6119 | D:3      | XOM: give mutations
  6119 | D:3      | Gained mutation: One of your tentacles bears a spike.
                  | [Xom's grace]
  6119 | D:3      | Gained mutation: You are strong-willed. (Will+) [Xom's
                  | grace]
  6405 | D:4      | XOM: god gift: wand of roots (6)
  6429 | D:4      | XOM: enchant monster (good)
  6432 | D:4      | Reached skill level 5 in Stealth
  6710 | D:4      | Noticed Pikel
  6734 | D:4      | XOM: cleaving
  6734 | D:4      | Slain by Pikel

Illustrated notes

Levels and vault maps discovered:
D:1:      shiori_shiawase, layout_basic
D:2:      layout_basic, uniq_sigmund
D:3:      layout_basic, nicolae_ashenzari_panopticon,
          nicolae_overflow_hidden_temple,
          hellmonk_ecumenical_altar_heavens_door, roderic_nine_men_s_morris,
          kennysheep_potato
D:4:      layout_basic, minivault_1, grunt_ministairs_15, uniq_pikel

Skill      XL: |  1  2  3  4  5  6 |
---------------+-------------------+-----
Stealth        | 3 4 5 |  5.1
Evocations     | 1 2 |  2.7
Shapeshifting  | 1 2 |  2.0
Dodging        | 3 |  3.0
Fighting       | |  3.6
Short Blades   | |  3.9

Action                     |  1- 3 |  4- 6 || total
---------------------------+-------+-------++-------
  Melee: Short sword       |    55 |    81 ||   136
         Constrict         |    12 |    16 ||    28
         Tentacles         |     8 |    12 ||    20
         Punch             |     1 |     1 ||     2
         Kick              |       |    11 ||    11
   Stab: Sleeping          |     7 |    17 ||    24
         Petrified         |     2 |       ||     2
         Paralysed         |       |     2 ||     2
 Armour: Skin              |    13 |    15 ||    28
  Dodge: Dodged            |    25 |    27 ||    52

Table legend: (Time is in decaauts)
 A = Elapsed time spent in this place.
 B = Non-inter-level travel time spent in this place.
 C = Inter-level travel time spent in this place.
 D = Time resting spent in this place.
 E = Time spent auto-exploring this place.
 F = Levels seen in this place.
 G = Mean time per level.
                   A        B        C        D        E       F      G
               +--------+--------+--------+--------+--------+-----+--------+
         Total |   6709 |   6651 |     58 |   4194 |   2040 |   4 | 1677.2 |
       Dungeon |   6709 |   6651 |     58 |   4194 |   2040 |   4 | 1677.2 |
               +--------+--------+--------+--------+--------+-----+--------+

Top non-repeatable levels by time:
     D:1: 4558 daAuts
     D:2: 1006 daAuts
     D:3: 802 daAuts
     D:4: 340 daAuts
